AoeStats
← Yael090

Scandinavia

510547869Analyzed
1v1 RM · 11h ago on Oct 1, 2026· 49m 44s· 2 players
Game mode
Random Map
Map size
Tiny (2 player)
Population
200
Speed
Normal
Resources
Standard
Victory
Conquest
Starting age
Dark Age
Ending age
Imperial Age
RankedLock teamsTeams togetherTeam positionsShared explorationLock speedFull tech treeHidden civsTurbo modeCheats
Victory
Defeat
🇩🇪 Mongols · Germany
1069
+17
🇲🇽 Mongols · Mexico
1090
-17
dom
6:17 Loom
8:45 Feudal Age
9:28 Double-Bit Axe
13:18 Gold Mining
13:09 Horse Collar
18:11 Fletching
19:36 Wheelbarrow
20:05 Scale Barding Armor
20:26 Stone Mining
24:27 Castle Age
23:16 Padded Archer Armor
23:42 Bloodlines
24:38 Crossbowman
25:20 Bodkin Arrow
26:13 Stone Shaft Mining
26:35 Gold Shaft Mining
28:30 Chain Barding Armor
29:28 Forging
33:24 Elite Skirmisher
34:43 Bow Saw
38:08 Imperial Age
35:54 Hand Cart
36:35 Leather Archer Armor
37:35 Thumb Ring
38:37 Iron Casting
38:17 Heavy Camel Rider
40:36 Ballistics
40:22 Heavy Plow
40:34 Capped Ram
44:35 Chemistry
43:17 Siege Ram
45:12 Guard Tower
46:01 Arbalester
46:45 Bracer
48:05 Cavalier
48:46 Husbandry
Yael090
11:08 Feudal Age
12:06 Loom
15:47 Fishing Lines
20:04 Castle Age
19:23 Wheelbarrow
18:46 Double-Bit Axe
20:31 Gold Mining
23:46 Bow Saw
24:22 Stone Mining
27:24 Stone Shaft Mining
29:47 Gold Shaft Mining
29:40 Ballistics
30:56 Fletching
31:39 Bodkin Arrow
32:43 Murder Holes
32:56 Padded Archer Armor
33:02 Gillnets
35:26 Hand Cart
35:29 Scale Barding Armor
35:57 Horse Collar
36:50 Chain Barding Armor
36:46 Leather Archer Armor
36:33 Herbal Medicine
37:31 Heavy Plow
40:33 Imperial Age
39:08 Masonry
39:42 Bloodlines
39:34 Husbandry
40:41 Capped Ram
42:33 Chemistry
41:40 Bracer
42:51 Conscription
42:54 Drill
42:58 Siege Ram
43:37 Light Cavalry
44:38 Hussar
46:30 Forging
48:59 Iron Casting
Connection lost

Rejoining the realm…

Still unreachable

The connection could not be restored.

Session expired

The server has moved on; the page needs a fresh start.